 Dungeon Crawl Stone Soup version 0.31-a0-152-g6aa68a64a1 (webtiles) character file.

Game seed: 1537143121925533286

999 qw the Skirmisher (level 8, 0/70 HPs)
             Began as a Minotaur Hunter on June 8, 2023.
             Was an Initiate of Okawaru.
             Slain by a vampire (11 damage)
             ... on level 6 of the Dungeon.
             The game lasted 00:01:38 (4070 turns).

qw the Skirmisher (Minotaur Hunter)                 Turns: 4070, Time: 00:01:38

Health: 0/70       AC:  7    Str: 16    XL:     8   Next: 0%
Magic:  7/7        EV: 17    Int:  6    God:    Okawaru [......]
Gold:   348        SH:  0    Dex: 18    Spells: 7/7 levels left

rFire   + . .        Y - +3 sling (drain)
rCold   . . .        (no shield)
rNeg    . . .        k - +2 ring mail {rF+}
rPois   +            f - +0 hat of the Arcane {rPois Dex+2}
rElec   .            (no cloak)
rCorr   +            (no gloves)
SInv    .            (no boots)
Will    .....        (no amulet)
Stlth   +            d - +5 ring of evasion
HPRegen 0.31/turn    e - ring of resist corrosion
MPRegen 0.10/turn

%: no passive effects
@: no status effects
A: horns 2, retaliatory headbutt
a: Renounce Religion


You were on level 6 of the Dungeon.
You worshipped Okawaru.
Okawaru was noncommittal.
You visited 2 branches of the dungeon, and saw 7 of its levels.

You collected 348 gold pieces.


Innate Abilities, Weirdness & Mutations

You have a pair of horns on your head.
You reflexively headbutt those who attack you in melee.


   Skills:
 - Level 6.2 Fighting
 + Level 9.0 Ranged Weapons
 - Level 3.0 Armour
 - Level 3.0 Dodging
 - Level 0.7 Stealth


You had 7 spell levels left.
You didn't know any spells.
Your spell library was empty.

Inventory:

Hand Weapons
 Y - a +3 sling of draining (weapon)
Armour
 f - the +0 hat of the Arcane (worn) {rPois Dex+2}
   (You acquired it on level 5 of the Dungeon)

   Dex:       It affects your dexterity (+2).
   rPois:     It protects you from poison.
 k - a +2 ring mail of fire resistance (worn)
 l - a +2 ring mail of cold resistance
Jewellery
 d - a +5 ring of evasion (left hand)
 e - a ring of resist corrosion (right hand)
Scrolls
 h - a scroll of identify
Potions
 a - 2 potions of heal wounds
 b - a potion of might
 c - a potion of mutation {unknown}
 g - a potion of cancellation {unknown}
 i - 2 potions of curing

Dungeon Overview and Level Annotations

Branches:
Dungeon (6/15)             Temple (1/1) D:5

Altars:
Ashenzari
Cheibriados
Dithmenos
Elyvilon
Fedhas
Gozag
Hepliaklqana
Kikubaaqudgha
Makhleb
Nemelex Xobeh
Okawaru
Qazlal
Ru
Sif Muna
Trog
Uskayaw
Vehumet
Wu Jian
Xom
Yredelemnul
Zin
The Shining One

Shops:
D:4 (

Annotations:
D:5 2 transporters


Message History

Something hits you! Something bites you!
Something draws strength from your injuries!
The orc warrior closely misses you.
You shoot a sling bullet.
The sling bullet completely misses the orc warrior.
The sling bullet closely misses the iguana.
Something hits you. Something bites you!
Something draws strength from your injuries!
The orc warrior misses you. You furiously retaliate!
You headbutt the orc warrior.
The iguana hisses menacingly.
You shoot a sling bullet.
The sling bullet hits the orc warrior but does no damage.
You drain the orc warrior.
The orc warrior is severely wounded.
Something hits you. Something bites you.
Something draws strength from your injuries!
The orc warrior barely misses you.
You shoot a sling bullet.
The sling bullet hits the orc warrior but does no damage.
The orc warrior is severely wounded.
You hear some strange, mumbled words.
Something tries to affect you, but you resist.
The orc warrior barely misses you.
You shoot a sling bullet. The sling bullet hits the orc warrior.
You drain the orc warrior.
The orc warrior is almost dead.
Something barely misses you. Something bites you.
Something draws strength from your injuries!
The orc warrior completely misses you. The iguana bites you!
You shoot a sling bullet.
The sling bullet closely misses the orc warrior.
You hear some strange, mumbled words.
Something tries to affect you, but you resist.
The orc warrior hits you with a +0 scimitar!
The iguana bites you but does no damage.
You shoot a sling bullet.
The sling bullet barely misses the orc warrior.
Something hits you! Something bites you!
You die...

.........###.##........
.....#.#>#
#.#.......)..
######.#.#
#.#.......... ####.#.#
#.#.......#.. #....#.#
#.'.......... #.####.#
#.'.......... #.# #.#
#.#.......#.. ###.#
.....#...{...... ....#
#####..@o...... #####
##..l.....? ##........
##..).... #....?.
#..... #####


You could see an orc warrior (very drained) and an iguana.

Vanquished Creatures
  Sigmund (D:3)
  A black bear (D:5)
  An ogre (D:6)
  A phantom (D:6)
  2 scorpions (D:5)
  A howler monkey (D:5)
  A hound (D:4)
  A jelly (D:5)
  An orc priest (D:6)
  2 sleepcaps (D:5)
  An orc wizard (D:6)
  Terence (D:3)
  An iguana (D:5)
  Robin (D:3)
  4 adders
  3 gnolls (D:6)
  A white imp (D:6)
  2 ufetubi (D:5)
  2 worms
  3 dart slugs
  15 orcs
  3 endoplasms
  5 giant cockroaches
  16 goblins
  10 hobgoblins
  3 jackals (D:3)
  A quokka (D:2)
  8 ball pythons
  4 bats
  3 frilled lizards
  8 kobolds
  4 rats
111 creatures vanquished.

Notes
Turn   | Place    | Note
-------+----------+-------------------------------------------
     0 | D:1      | qw the Minotaur Hunter began the quest for the Orb.
     0 | D:1      | Reached XP level 1. HP: 18/18 MP: 0/0
     0 | D:1      | 0 ||| qw: Version: 0.2-a-120-gdf1a93b
     0 | D:1      | 0 ||| qw: Game counter: 3147
     0 | D:1      | 0 ||| qw: Always use a shield: true
     0 | D:1      | 0 ||| qw: God list: Okawaru
     0 | D:1      | 0 ||| qw: Allow faded altars: false
     0 | D:1      | 0 ||| qw: Do Orc after D:15 true
     0 | D:1      | 0 ||| qw: Do second Lair branch before Depths: true
     0 | D:1      | 0 ||| qw: Lair rune preference: random
     0 | D:1      | 0 ||| qw: Plans: Normal
     0 | D:1      | 0 ||| PLANNING D:1-11
    84 | D:1      | 84 ||| FLEEEEING.
    85 | D:1      | 85 ||| FLEEEEING.
    86 | D:1      | 86 ||| FLEEEEING.
    87 | D:1      | 87 ||| FLEEEEING.
   106 | D:1      | 106 ||| FLEEEEING.
   109 | D:1      | 109 ||| FLEEEEING.
   110 | D:1      | 110 ||| FLEEEEING.
   168 | D:1      | 168 ||| SWAPPING to +2 heavy sling.
   169 | D:1      | 169 ||| DROPPING +0 shortbow.
   188 | D:1      | Reached XP level 2. HP: 25/25 MP: 1/1
   222 | D:1      | Reached skill level 5 in Ranged Weapons
   532 | D:1      | 532 ||| UPGRADING to +0 ring mail.
   542 | D:1      | 542 ||| DROPPING +0 leather armour.
   543 | D:1      | 543 ||| UPGRADING to +2 ring mail of fire resistance.
   553 | D:1      | 553 ||| DROPPING +0 ring mail.
   554 | D:1      | 554 ||| UPGRADING to +5 ring of evasion.
   555 | D:1      | 555 ||| DROPPING +6 ring of intelligence.
   556 | D:1      | 556 ||| READING scroll labelled FEUXAT BATIOR.
   557 | D:1      | 557 ||| READING scroll labelled ELUZAN YPAFECA.
   558 | D:1      | 558 ||| READING scroll labelled EXZORO AK GAES.
   559 | D:1      | 559 ||| DRINKING 2 bubbling cyan potions.
   560 | D:1      | 560 ||| DROPPING scroll of butterflies.
   742 | D:2      | Reached skill level 1 in Armour
   752 | D:2      | Reached skill level 3 in Fighting
   809 | D:2      | Reached XP level 3. HP: 31/31 MP: 2/2
  1167 | D:2      | 1167 ||| READING scroll labelled SAWAAG VEBLIABRA.
  1168 | D:2      | 1168 ||| READING scroll labelled WAUMARCH YCOQ.
  1169 | D:2      | 1169 ||| READING scroll labelled UNOECH HIAMIAB.
  1172 | D:2      | 1172 ||| DRINKING 2 lumpy purple potions.
  1173 | D:2      | 1173 ||| DROPPING potion of magic.
  1209 | D:3      | 1209 ||| STAIRDANCE
  1263 | D:3      | Found a shimmering altar of Xom.
  1302 | D:3      | Identified the +9 short sword of Distant Worlds {pain,
                  | rElec rN+ Will+}
  1347 | D:3      | Noticed Terence
  1357 | D:3      | Reached XP level 4. HP: 32/38 MP: 3/3
  1359 | D:3      | Killed Terence
  1360 | D:3      | Reached skill level 6 in Ranged Weapons
  1746 | D:3      | Noticed Robin
  1750 | D:3      | Killed Robin
  1754 | D:3      | 1754 ||| FLEEEEING.
  1755 | D:3      | 1755 ||| FLEEEEING.
  1756 | D:3      | 1756 ||| FLEEEEING.
  1757 | D:3      | 1757 ||| FLEEEEING.
  1758 | D:3      | 1758 ||| FLEEEEING.
  1759 | D:3      | 1759 ||| FLEEEEING.
  1760 | D:3      | 1760 ||| FLEEEEING.
  1761 | D:3      | 1761 ||| FLEEEEING.
  1762 | D:3      | 1762 ||| FLEEEEING.
  1763 | D:3      | 1763 ||| FLEEEEING.
  1764 | D:3      | 1764 ||| FLEEEEING.
  1932 | D:3      | Noticed Sigmund
  1941 | D:3      | Killed Sigmund
  1942 | D:3      | Reached skill level 6 in Fighting
  1942 | D:3      | Reached XP level 5. HP: 49/50 MP: 4/4
  1942 | D:3      | Reached XP level 6. HP: 56/57 MP: 5/5
  2014 | D:3      | 2014 ||| UPGRADING to ring of resist corrosion.
  2015 | D:3      | 2015 ||| READING scroll labelled JACEMI JUCZATA.
  2331 | D:4      | Found Qaunt's Weapon Shop.
  2334 | D:4      | 2334 ||| SHOPLISTING +11 triple crossbow of Melee {heavy,
                  | Dex+2} (1094 gold, have 252).
  2624 | D:4      | 2624 ||| READING scroll labelled JEVIAMOSAX.
  2625 | D:4      | 2625 ||| READING scroll labelled POWUAX ESEWN.
  2669 | D:5      | Entered Level 5 of the Dungeon
  2802 | D:5      | Found a shadowy altar of Dithmenos.
  2873 | D:5      | Found a broken altar of Ashenzari.
  2924 | D:5      | Found a staircase to the Ecumenical Temple.
  2925 | D:5      | 2925 ||| PLANNING TEMPLE
  2925 | D:5      | 2925 ||| READING scroll labelled MAITAM KOOMAH.
  2925 | D:5      | Identified a scroll of acquirement
  2925 | D:5      | 2925 ||| ACQUIRING +0 hat of the Arcane {rPois Dex+2}
  2925 | D:5      | Acquired the +0 hat of the Arcane {rPois Dex+2}
  2927 | D:5      | 2927 ||| UPGRADING to +0 hat of the Arcane {rPois Dex+2}.
  2932 | D:5      | 2932 ||| READING scroll labelled UMIONT LEGRINU.
  2952 | Temple   | Entered the Ecumenical Temple
  2989 | Temple   | 2989 ||| PLANNING D:1-11
  2999 | D:5      | Reached skill level 7 in Ranged Weapons
  3001 | D:5      | 3001 ||| FLEEEEING.
  3005 | D:5      | 3005 ||| FLEEEEING.
  3006 | D:5      | 3006 ||| FLEEEEING.
  3009 | D:5      | 3009 ||| FLEEEEING.
  3010 | D:5      | 3010 ||| FLEEEEING.
  3018 | D:5      | Reached XP level 7. HP: 52/63 MP: 6/6
  3186 | D:5      | Reached skill level 8 in Ranged Weapons
  3206 | D:5      | Reached skill level 3 in Dodging
  3266 | D:5      | Found a stormy altar of Qazlal.
  3340 | D:5      | Found a transporter.
  3381 | D:5      | Found a transporter.
  3439 | D:5      | Found a glowing silver altar of Zin.
  3440 | D:5      | Noticed an angel
  3560 | D:6      | Reached skill level 9 in Ranged Weapons
  3925 | D:6      | Reached skill level 3 in Armour
  3925 | D:6      | Reached XP level 8. HP: 70/70 MP: 7/7
  3993 | D:6      | Found a sacrificial altar of Ru.
  3995 | D:6      | Found an iron altar of Okawaru.
  3996 | D:6      | 3996 ||| PLANNING OKAWARU WORSHIP
  3996 | D:6      | 3996 ||| DRINKING 2 smoky red potions.
  3997 | D:6      | 3997 ||| READING 2 scrolls of identify.
  3997 | D:6      | 3997 ||| IDENTIFYING brown potion
  3998 | D:6      | 3998 ||| DROPPING potion of attraction.
  4000 | D:6      | Found a snail-covered altar of Cheibriados.
  4003 | D:6      | Became a worshipper of Warmaster Okawaru
  4003 | D:6      | 4003 ||| PLANNING D:1-11
  4070 | D:6      | HP: 11/70 [something (8)]
  4070 | D:6      | Slain by a vampire

Levels and vault maps discovered:
D:1:      reono_arrival_mine, layout_basic
D:2:      layout_loops_cross
D:3:      layout_basic, mainiacjoe_overflow_alcove_1, serial_glass,
          glass_columns_a, glass_columns_a, minmay_misc_feat_roman, uniq_robin,
          uniq_terence, uniq_sigmund
D:4:      layout_cave_pods, serial_shops, kennysheep_mini_moat
D:5:      gammafunk_cloud_chamber, layout_gridville,
          mainiacjoe_overflow_catch_the_wave, zin_angel,
          mainiacjoe_overflow_six_doors_small, minmay_temple_entry_mini_moons
D:6:      kennysheep_big_flooded_room, layout_basic, minitemple
Temple:   nicolae_temple_ecumenical_triangle

Skill      XL: |  1  2  3  4  5  6  7 |
---------------+----------------------+-----
Ranged Weapons | 5 6 7 9 |  9.0
Armour         | 1 3 |  3.0
Fighting       | 3 6 |  6.2
Dodging        | 3 |  3.0
Stealth        | |  0.7

Action                     |  1- 3 |  4- 6 |  7- 9 || total
---------------------------+-------+-------+-------++-------
   Fire: Shortbow          |    17 |       |       ||    17
         Sling             |    88 |   103 |    85 ||   276
    Use: Scroll            |     6 |     5 |     1 ||    12
         Potion            |     2 |       |     1 ||     3
 Armour: Leather armour    |     2 |       |       ||     2
         Ring mail         |    12 |    10 |     6 ||    28
  Dodge: Dodged            |    44 |    29 |    24 ||    97

Table legend:
 A = Non-vault XP
 B = Vault XP
 C = Vault XP percentage of total XP
 D = Non-vault monster count
 E = Vault monster count
 F = Vault count percentage of total count
                 A         B        C        D         E       F
            +---------+---------+-------+---------+---------+-------
      Total |    1106 |     322 |  22.5 |      98 |      13 |  11.7
            +---------+---------+-------+---------+---------+-------
        D:1 |      26 |       0 |   0.0 |      15 |       0 |   0.0
        D:2 |      33 |       0 |   0.0 |      16 |       0 |   0.0
        D:3 |      55 |     322 |  85.4 |      22 |      13 |  37.1
        D:4 |      67 |       0 |   0.0 |      13 |       0 |   0.0
        D:5 |     561 |       0 |   0.0 |      19 |       0 |   0.0
        D:6 |     364 |       0 |   0.0 |      13 |       0 |   0.0
            +---------+---------+-------+---------+---------+-------
